Workbook
Name _Hlk138758032: 'ENCODAGE DE MON PROJET'!#REF!
Name _Hlk138758032: INTRODUCTION!#REF!
Name _Hlk138758033: 'ENCODAGE DE MON PROJET'!#REF!
Name _Hlk138758033: INTRODUCTION!#REF!

Sheet INTRODUCTION
D3: Renov-Bizet - Rénovation groupée du quartier Bizet
D4: Quartier Bizet - 1070 Anderlecht
D10: Estimatif budgétaire du coût de construction
B12: 0 | D12: Introduction
D14: À PROPOS DE L'ESTIMATIF :
D16: Ce document a été élaboré dans le cadre du projet Renov-Bizet dans le but d'aider les participants à estimer eux-mêmes
D17: le coût des travaux de rénovation énergétique qu'ils envisagent d'entreprendre.
D19: Les prix mentionnés dans l'estimatif correspondent aux prix du marché du deuxième trimestre de 2023.
D20: Cet estimatif est réalisé de manière succinte et approximative dans le but d'orienter le maître d'ouvrage.
D21: Ce document ne fournit en aucun cas les prix exacts du projet du maître d'ouvrage.
D22: La responsabilité de l'encodage incombe au maître d'ouvrage.
D25: COMMENT LIRE CE DOCUMENT :
D27: Encodage
D28: L'encodage se fait dans l'onglet "Encodage de mon projet".
D29: Vous devez remplir les cases vertes de cet onglet.
D30: Des schémas accompagnent le document pour illustrer les données à remplir.
... D45: 1 ENCODAGE DE MON PROJET
D47: Isolation de la toiture principale | E47: =IF(OR('ENCODAGE DE MON PROJET'!E61="OUI",'ENCODAGE DE MON PROJET'!E62="OUI",'ENCODAGE DE MON PROJET'!E84="OUI"),"OUI","NON") -> NON | F47: =IF(OR('ENCODAGE DE MON PROJET'!E61="OUI",'ENCODAGE DE MON PROJET'!E62="OUI",'ENCODAGE DE MON PROJET'!E84="OUI"),'ENCODAGE DE MON PROJET'!E64+'ENCODAGE DE MON PROJET'!E85," ") | G47: m²
D48: Isolation de la toiture d'extension | E48: ='ENCODAGE DE MON PROJET'!E103 -> NON | F48: =IF('ENCODAGE DE MON PROJET'!E103="OUI",'ENCODAGE DE MON PROJET'!E104," ") | G48: m²
D49: Isolation de la toiture façade avant | E49: =IF('ENCODAGE DE MON PROJET'!E123="OUI","OUI par l'extérieur",IF('ENCODAGE DE MON PROJET'!E124="OUI","OUI par l'intérieur","NON")) -> NON | F49: =IF(OR('ENCODAGE DE MON PROJET'!E123="OUI",'ENCODAGE DE MON PROJET'!E124="OUI"),'ENCODAGE DE MON PROJET'!E125," ") | G49: m²
D50: Isolation de la toiture façade arrière | E50: ='ENCODAGE DE MON PROJET'!E153 -> NON | F50: =IF('ENCODAGE DE MON PROJET'!E153="OUI",'ENCODAGE DE MON PROJET'!E154," ") | G50: m²
D51: Isolation de la toiture façade d'extension | E51: ='ENCODAGE DE MON PROJET'!E172 -> NON | F51: =IF('ENCODAGE DE MON PROJET'!E172="OUI",'ENCODAGE DE MON PROJET'!E173," ") | G51: m²
D52: Isolation des mitoyens | E52: ='ENCODAGE DE MON PROJET'!E191 -> NON | F52: =IF('ENCODAGE DE MON PROJET'!E191="OUI",'ENCODAGE DE MON PROJET'!E192," ") | G52: m²
D53: Isolation de la dalle de sol | E53: ='ENCODAGE DE MON PROJET'!E211 -> NON | F53: =IF('ENCODAGE DE MON PROJET'!E211="OUI",'ENCODAGE DE MON PROJET'!E212," ") | G53: m²
D54: Isolation du plafond des caves | E54: ='ENCODAGE DE MON PROJET'!E230 -> NON | F54: =IF('ENCODAGE DE MON PROJET'!E230="OUI",'ENCODAGE DE MON PROJET'!E232," ") | G54: m²
D56: Remplacement de châssis | E56: =IF('ENCODAGE DE MON PROJET'!E251="OUI",IF('ENCODAGE DE MON PROJET'!E252="triple vitrage","OUI, triple vitrage","OUI, double vitrage"),"NON") -> NON | F56: =IF('ENCODAGE DE MON PROJET'!E251="OUI",'ENCODAGE DE MON PROJET'!E256," ") | G56: m²
D57: Remplacement de la porte d'entrée | E57: ='ENCODAGE DE MON PROJET'!E274 -> NON
D58: Remplacement de fenêtres de toiture en pente | E58: =IF('ENCODAGE DE MON PROJET'!E292="OUI",IF('ENCODAGE DE MON PROJET'!E293="triple vitrage","OUI, triple vitrage","OUI, double vitrage"),"NON") -> NON | F58: =IF('ENCODAGE DE MON PROJET'!E292="OUI",'ENCODAGE DE MON PROJET'!E294," ") | G58: fenêtres
D59: Remplacement de fenêtres de toiture plate | E59: =IF('ENCODAGE DE MON PROJET'!E312="OUI",IF('ENCODAGE DE MON PROJET'!E313="triple vitrage","OUI, triple vitrage","OUI, double vitrage"),"NON") -> NON | F59: =IF('ENCODAGE DE MON PROJET'!E312="OUI",'ENCODAGE DE MON PROJET'!E314," ") | G59: fenêtres
D61: Remplacement de chaudière | E61: =IF('ENCODAGE DE MON PROJET'!E333="OUI",IF('ENCODAGE DE MON PROJET'!E334="pompe à chaleur","OUI, PAC","OUI, chaudière"),"NON") -> NON
D62: Installation d'un système de ventilation | E62: =IF('ENCODAGE DE MON PROJET'!E371="OUI",IF('ENCODAGE DE MON PROJET'!E372="D (double flux)","OUI, double flux","OUI, simple flux"),"NON") -> NON
D63: Installation de panneaux photovoltaïques | E63: ='ENCODAGE DE MON PROJET'!E400 -> NON | F63: =IF('ENCODAGE DE MON PROJET'!E400="OUI",'ENCODAGE DE MON PROJET'!E401," ") | G63: panneaux
D65: 2 ESTIMATIF
D67: TOTAL travaux htva | K67: =ESTIMATIF!L160 -> 840 | L67: htva
D68: TOTAL travaux + imprévus htva | K68: =ESTIMATIF!L164 -> 882 | L68: htva
D69: TOTAL travaux + imprévus tvac | K69: =ESTIMATIF!L168 -> 934.92 | L69: tvac
D70: TOTAL TRAVAUX + IMPREVUS + HONORAIRES TTC | K70: =ESTIMATIF!L193 -> 3189.634 | L70: tvac
D72: 3 PRIMES
D74: TOTAL PRIMES (plafond 50.000 €) | K74: =PRIMES!L88 -> 0 | L74: tvac
D75: TOTAL TRAVAUX + IMPREVUS + HONORAIRES TTC - PRIMES | K75: =K70-K74 -> 3189.634 | L75: tvac
D78: INFORMATIONS COMPLÉMENTAIRES :
D80: Pour vous aider à connaître les prêts que vous pouvez obtenir, vous pouvez faire une simulation de prêt sur le site
D81: internet du fonds du logement.
D82: https://websimu.wffl.be/
D85: Ce document à compléter a été réalisé dans le cadre du projet Renov-Bizet
D86: https://renovbizet.com/

Sheet ENCODAGE DE MON PROJET
D3: Renov-Bizet - Rénovation groupée du quartier Bizet
D4: Quartier Bizet - 1070 Anderlecht
D10: Estimatif budgétaire du coût de construction
B12: 1 | D12: Encodage des données
D14: MA SITUATION ET MON LOGEMENT :
D16: Dimensions
D17: > hauteur de ma façade principale [A] | E17: 0 | F17: m | G17: =IF(E17=0,"compléter la case"," ") -> compléter la case
D18: > largeur de ma façade principale [B] | E18: 0 | F18: m | G18: =IF(E18=0,"compléter la case"," ") -> compléter la case
D19: > profondeur du volume principal [C] | E19: 0 | F19: m | G19: =IF(E19=0,"compléter la case"," ") -> compléter la case
D20: > nombre d'étages (hors sol) [D] | E20: 0 | G20: =IF(E20=0,"compléter la case"," ") -> compléter la case
D21: ce document tient compte du fait que les caves ne sont ni habitées, ni chauffées
D22: > mon logement a une extension [E] | E22: OUI
D23: > hauteur de l'extension [F] | E23: 0 | F23: m | G23: =IF(AND(E22="OUI",E23=0),"compléter la case"," ") -> compléter la case
D24: > largeur de l'extension [G] | E24: 0 | F24: m | G24: =IF(AND(E22="OUI",E24=0),"compléter la case"," ") -> compléter la case
D25: > profondeur de l'extension [H] | E25: 0 | F25: m | G25: =IF(AND(E22="OUI",E25=0),"compléter la case"," ") -> compléter la case
D26: > nombre d'étages de l'extension [I] | E26: 1 | G26: =IF(E26=0,"compléter la case"," ")
D27: > nombre de fenêtres en façade
D28: > en façade avant [J] | E28: 0 | G28: =IF(E28=0,"compléter la case"," ") -> compléter la case
D29: > en façade arrière principale [K] | E29: 0 | G29: =IF(E29=0,"compléter la case"," ") -> compléter la case
D30: > en façade d'extension [L] | E30: 0 | G30: =IF(AND(E30=0,E22="OUI",F30),"compléter la case"," ") -> compléter la case
D31: > surface brute de plancher | E31: =(E18*E19)*E20+E24*E25*E26 -> 0 | F31: m²
D51: Je choisis d'utiliser des matériaux écologiques | E51: NON
D53: Catégorie de revenus | E53: Classe I
D54: pour déterminer la catégorie de revenu, consulter le site de Renolution
D55: https://renolution.brussels/fr/les-categories-de-revenus-2023
D58: TRAVAUX :
D60: Toiture principale à versants
D61: > j'isole par l'extérieur (je garde les faux-plafonds) | E61: NON | G61: =IF(AND(E61="OUI",E62="OUI"),"ERREUR: isoler la façade avant soit par l'intérieur, soit l'extérieur"," ")
D62: > j'isole par l'intérieur (mes tuiles et pare-pluie sont en bon état) | E62: NON | G62: =IF(AND(E61="OUI",E62="OUI"),"ERREUR: isoler la façade avant soit par l'intérieur, soit l'extérieur"," ")
D63: > je refais la charpente | E63: NON | G63: =IF(AND(E61="NON",E63="OUI"),"la case ne peut pas être OUI si vous n'isolez pas par l'extérieur"," ")
D64: > surface à rénover | E64: 0 | F64: m² | G64: =IF(AND(E61="OUI",E64=0),"compléter la case"," ")
D65: remarque : bien tenir compte de la pente de toiture lors du calcul
E67: Ce document prend compte des travaux suivants :
E68: - Échaffaudage
E69: - Démolition des tuiles
E70: - Remplacement éventuel de chevrons
E71: - Isolant
E72: - Pare-pluie
E73: - Pare-vapeur
E74: - Nouvelle tuile
E75: - Nouvelle gouttière ou réparation de corniche
E76: - Raccord avec les mitoyens
E78: Ce document ne prend pas compte des travaux suivants :
E79: - Travaux sur lucarne éventuelle
... E81: - Faux-plafonds
D83: Toiture principale plate
D84: > j'isole | E84: NON
D85: > surface à rénover (fenêtres déduites) | E85: 0 | F85: m² | G85: =IF(AND(E84="OUI",E85=0),"compléter la case"," ")
E87: Ce document prend compte des travaux suivants :
E88: - Échaffaudage
E89: - Isolant
E90: - Nouvelle étanchéité
E91: - Nouvelle gouttière ou réparation de corniche
E92: - Raccord avec les mitoyens
E94: Ce document ne prend pas compte des travaux suivants :
E95: - Travaux sur lucarne éventuelle
E96: - Travaux électriques
E97: - Faux-plafonds
D102: Toiture plate d'extension
D103: > j'isole | E103: NON
D104: > surface à rénover (fenêtres déduites) | E104: 0 | F104: m² | G104: =IF(AND(E103="OUI",E104=0),"compléter la case"," ")
E106: Ce document prend compte des travaux suivants :
E107: - Échaffaudage
E108: - Isolant
E109: - Nouvelle étanchéité
E110: - Nouvelle gouttière ou réparation de corniche
E111: - Raccord avec les mitoyens
E113: Ce document ne prend pas compte des travaux suivants :
E114: - Travaux sur lucarne éventuelle
E115: - Travaux électriques
E116: - Faux-plafonds
D122: Façade avant
D123: > j'isole par l'extérieur | E123: NON | G123: =IF(AND(E123="OUI",E124="OUI"),"ERREUR: isoler la façade avant soit par l'intérieur, soit l'extérieur"," ")
D124: > j'isole par l'intérieur | E124: NON | G124: =IF(AND(E123="OUI",E124="OUI"),"ERREUR: isoler la façade avant soit par l'intérieur, soit l'extérieur"," ")
D125: > surface à rénover (fenêtres déduites) | E125: 0 | F125: m² | G125: =IF(AND(OR(E123="OUI",E124="OUI"),E125=0),"compléter la case"," ")
E127: Isolation par l'extérieur :
E128: Ce document prend compte des travaux suivants :
E129: - Échaffaudage
E130: - Découpe des seuils (isolation par l'extérieur)
E131: - Découpe des battées (isolation par l'extérieur)
E132: - Isolant
E133: - Crépi (isolation par l'extérieur)
E134: - Adaptations éventuelles (descentes d'eau pluviales, gouttières, corniche…)
E136: Ce document ne prend pas compte des travaux suivants :
E137: - Travaux abords et jardins
E138: - Nouveaux seuils de fenêtre
E140: Isolation par l'intérieur :
... E150: - Peinture
D152: Façade arrière principale
D153: > j'isole | E153: NON
D154: > surface à rénover (fenêtres déduites) | E154: 0 | F154: m² | G154: =IF(AND(E153="OUI",E154=0),"compléter la case"," ")
E156: Ce document prend compte des travaux suivants :
E157: - Échaffaudage
E158: - Découpe des seuils (isolation par l'extérieur)
E159: - Découpe des battées (isolation par l'extérieur)
E160: - Isolant
E161: - Crépi (isolation par l'extérieur)
E162: - Adaptations éventuelles (descentes d'eau pluviales, gouttières, corniche…)
E164: Ce document ne prend pas compte des travaux suivants :
E165: - Travaux abords et jardins
...

Sheet ESTIMATIF
D3: Renov-Bizet - Rénovation groupée du quartier Bizet
D4: Quartier Bizet - 1070 Anderlecht
D10: Estimatif budgétaire du coût de construction
B12: 1 | D12: Coût travaux (estimatif)
C14: 1.1 | D14: Travaux préparatoires
C15: 1.1.1 | D15: Installation de chantier | F15: 0.04 | H15: x | I15: =SUM(L20:L158) -> 0 | J15: htva | K15: = | L15: =I15*F15 -> 0 | M15: htva
C16: 1.1.2 | D16: États des lieux | F16: 1 | G16: FF | H16: x | I16: 840 | J16: htva | K16: = | L16: =I16*F16 -> 840 | M16: htva
C17: 1.1.3 | D17: Containers | F17: 1 | G17: FF | H17: x | I17: =50%*SUM(L20:L22)+20%*SUM(L23:L43) -> 0 | J17: htva | K17: = | L17: =I17*F17 -> 0 | M17: htva
C19: 1.2 | D19: Démolitions
C20: 1.2.1 | D20: Démolition de la chape existante | F20: =IF('ENCODAGE DE MON PROJET'!E211="NON", 0, 'ENCODAGE DE MON PROJET'!E212) -> 0 | G20: m² | H20: x | I20: 48 | J20: htva | K20: = | L20: =I20*F20 -> 0 | M20: htva
C21: 1.2.2 | D21: Démolition tuile + pare-pluie + lattage | F21: =IF('ENCODAGE DE MON PROJET'!E61="NON", 0, 'ENCODAGE DE MON PROJET'!E64) -> 0 | G21: ml | H21: x | I21: 38 | J21: htva | K21: = | L21: =I21*F21 -> 0 | M21: htva
C22: 1.2.3 | D22: Démolition de faux-plafond | F22: =IF('ENCODAGE DE MON PROJET'!E62="NON", 0, 'ENCODAGE DE MON PROJET'!E64) -> 0 | G22: ml | H22: x | I22: 28 | J22: htva | K22: = | L22: =I22*F22 -> 0 | M22: htva
C23: 1.2.4 | D23: Démolition ancienne étanchéité | F23: =SUM(E24:E25) -> 0 | G23: m² | H23: x | I23: 37 | J23: htva | K23: = | L23: =I23*F23 -> 0 | M23: htva
D24: toiture plate principale | E24: =IF('ENCODAGE DE MON PROJET'!E84="NON", 0, 'ENCODAGE DE MON PROJET'!E85) -> 0
D25: toiture plate annexe | E25: =IF('ENCODAGE DE MON PROJET'!E103="NON", 0, 'ENCODAGE DE MON PROJET'!E104) -> 0
C26: 1.2.5 | D26: Démolition des DEP | F26: =SUM(E27:E29) -> 0 | G26: ml | H26: x | I26: 15 | J26: htva | K26: = | L26: =I26*F26 -> 0 | M26: htva
D27: façade avant | E27: =IF(AND('ENCODAGE DE MON PROJET'!E61="NON", 'ENCODAGE DE MON PROJET'!E84="NON"), 0, 'ENCODAGE DE MON PROJET'!E17) -> 0
D28: façade arrière principale | E28: =IF(AND('ENCODAGE DE MON PROJET'!E61="NON",'ENCODAGE DE MON PROJET'!E84="NON"),0,'ENCODAGE DE MON PROJET'!E17-'ENCODAGE DE MON PROJET'!E23) -> 0
D29: façade annexe | E29: =IF('ENCODAGE DE MON PROJET'!E103="NON",0,'ENCODAGE DE MON PROJET'!E23) -> 0
C30: 1.2.6 | D30: Démolition habillage de corniche | F30: =SUM(E31:E32) -> 0 | G30: ml | H30: x | I30: 18 | J30: htva | K30: = | L30: =I30*F30 -> 0 | M30: htva
D31: toiture principale | E31: =IF(AND('ENCODAGE DE MON PROJET'!E61="NON", 'ENCODAGE DE MON PROJET'!E84="NON"), 0, 2*'ENCODAGE DE MON PROJET'!E18) -> 0
D32: toiture annexe | E32: =IF('ENCODAGE DE MON PROJET'!E103="NON",0,IF('ENCODAGE DE MON PROJET'!E18>'ENCODAGE DE MON PROJET'!E24,'ENCODAGE DE MON PROJET'!E24+'ENCODAGE DE MON PROJET'!E25,'ENCODAGE DE MON PROJET'!E18)) -> 0
C33: 1.2.7 | D33: Découpe de seuils en pierre bleue | F33: =SUM(E34:E36) -> 0 | G33: pce | H33: x | I33: 80 | J33: htva | K33: = | L33: =I33*F33 -> 0 | M33: htva
D34: façade avant | E34: =IF('ENCODAGE DE MON PROJET'!E123="NON", 0, 'ENCODAGE DE MON PROJET'!E28) -> 0
D35: façade arrière principale | E35: =IF('ENCODAGE DE MON PROJET'!E153="NON", 0, 'ENCODAGE DE MON PROJET'!E29) -> 0
D36: façade annexe | E36: =IF('ENCODAGE DE MON PROJET'!E172="NON", 0, 'ENCODAGE DE MON PROJET'!E30) -> 0
C37: 1.2.8 | D37: Découpe battée châssis | F37: =SUM(E38:E40) -> 0 | G37: pce | H37: x | I37: 300 | J37: htva | K37: = | L37: =I37*F37 -> 0 | M37: htva
D38: façade avant | E38: =IF('ENCODAGE DE MON PROJET'!E123="OUI", 'ENCODAGE DE MON PROJET'!E28, IF('ENCODAGE DE MON PROJET'!E251="OUI",'ENCODAGE DE MON PROJET'!E253,0)) -> 0
D39: façade arrière principale | E39: =IF('ENCODAGE DE MON PROJET'!E153="OUI", 'ENCODAGE DE MON PROJET'!E29, IF('ENCODAGE DE MON PROJET'!E251="OUI",'ENCODAGE DE MON PROJET'!E254,0)) -> 0
D40: façade annexe | E40: =IF('ENCODAGE DE MON PROJET'!E172="OUI", 'ENCODAGE DE MON PROJET'!E30, IF('ENCODAGE DE MON PROJET'!E251="OUI",'ENCODAGE DE MON PROJET'!E255,0)) -> 0
C41: 1.2.9 | D41: Décapage plâtre | F41: =IF('ENCODAGE DE MON PROJET'!E124="NON", 0, 'ENCODAGE DE MON PROJET'!E125) -> 0 | G41: m² | H41: x | I41: 11 | J41: htva | K41: = | L41: =I41*F41 -> 0 | M41: htva
C42: 1.2.10 | D42: Dépose et évacuation de corps de chauffe | F42: =IF(AND('ENCODAGE DE MON PROJET'!E333="OUI",'ENCODAGE DE MON PROJET'!E334="pompe à chaleur"),'ENCODAGE DE MON PROJET'!E335,0) -> 0 | G42: pce | H42: x | I42: 58 | J42: htva | K42: = | L42: =I42*F42 -> 0 | M42: htva
C44: 1.3 | D44: Isolation thermique de dalle
C45: 1.3.1 | D45: Isolation en PUR/PIR - 12 cm | F45: =SUM(E46:E47) -> 0 | G45: m² | H45: x | I45: 84 | J45: htva | K45: = | L45: =I45*F45 -> 0 | M45: htva
D46: dalle sur sol | E46: =IF('ENCODAGE DE MON PROJET'!E211="NON", 0, 'ENCODAGE DE MON PROJET'!E212) -> 0
D47: plafond des caves | E47: =IF('ENCODAGE DE MON PROJET'!E230="NON", 0, IF('ENCODAGE DE MON PROJET'!E231="plancher béton",'ENCODAGE DE MON PROJET'!E232,0)) -> 0
C48: 1.3.2 | D48: Isolation en fibre de bois entre gîtes - 12 cm | F48: =SUM(E49) -> 0 | G48: m² | H48: x | I48: 48 | J48: htva | K48: = | L48: =I48*F48 -> 0 | M48: htva
D49: plafond des caves | E49: =IF('ENCODAGE DE MON PROJET'!E230="NON", 0, IF('ENCODAGE DE MON PROJET'!E231="gîtage bois",'ENCODAGE DE MON PROJET'!E232,0)) -> 0
C50: 1.3.1 | D50: Nouvelle chape | F50: =SUM(E51:E52) -> 0 | G50: m² | H50: x | I50: 40 | J50: htva | K50: = | L50: =I50*F50 -> 0 | M50: htva
D51: dalle sur sol | E51: =IF('ENCODAGE DE MON PROJET'!E211="NON", 0, 'ENCODAGE DE MON PROJET'!E212) -> 0
C53: 1.4 | D53: Isolation par l'intérieur
C54: 1.4.1 | D54: Fourniture Blocs Multipor - 8 cm | F54: =IF('ENCODAGE DE MON PROJET'!E124="NON", 0, 'ENCODAGE DE MON PROJET'!E125) -> 0 | G54: m² | H54: x | I54: 37 | J54: htva | K54: = | L54: =I54*F54 -> 0 | M54: htva
C55: 1.4.2 | D55: Pose Blocs Multipor - 8 cm | F55: =F54 -> 0 | G55: m² | H55: x | I55: 26 | J55: htva | K55: = | L55: =I55*F55 -> 0 | M55: htva
C56: 1.4.3 | D56: Treillis colle | F56: =F55 -> 0 | G56: m² | H56: x | I56: 42 | J56: htva | K56: = | L56: =I56*F56 -> 0 | M56: htva
C57: 1.4.4 | D57: Cimentage | F57: =F56 -> 0 | G57: m² | H57: x | I57: 48 | J57: htva | K57: = | L57: =I57*F57 -> 0 | M57: htva
C58: 1.4.5 | D58: Isolation contour des baies en thermogyp | F58: =IF('ENCODAGE DE MON PROJET'!E124="NON", 0, 1) -> 0 | G58: FF | H58: x | I58: 1500 | J58: htva | K58: = | L58: =I58*F58 -> 0 | M58: htva
C59: 1.4.6 | D59: Plafonnage | F59: =F57 -> 0 | G59: m² | H59: x | I59: 26 | J59: htva | K59: = | L59: =I59*F59 -> 0 | M59: htva
C61: 1.5 | D61: Enduit sur isolant
C62: 1.5.1 | D62: Enduit sur panneaux isolants EPS graphité - 20 cm | F62: =IF('ENCODAGE DE MON PROJET'!E51="OUI",0,SUM(E63:E66)) -> 0 | G62: m² | H62: x | I62: 150 | J62: htva | K62: = | L62: =I62*F62 -> 0 | M62: htva
D63: façade avant | E63: =IF('ENCODAGE DE MON PROJET'!E123="NON", 0, 'ENCODAGE DE MON PROJET'!E125) -> 0
D64: façade arrière principale | E64: =IF('ENCODAGE DE MON PROJET'!E153="NON", 0, 'ENCODAGE DE MON PROJET'!E154) -> 0
D65: façade annexe | E65: =IF('ENCODAGE DE MON PROJET'!E172="NON", 0, 'ENCODAGE DE MON PROJET'!E173) -> 0
D66: mitoyen | E66: =IF('ENCODAGE DE MON PROJET'!E191="NON", 0, 'ENCODAGE DE MON PROJET'!E192) -> 0
C67: 1.5.2 | D67: Enduit sur panneaux fibre de bois - 20 cm | F67: =IF('ENCODAGE DE MON PROJET'!E51="NON",0,SUM(E68:E71)) -> 0 | G67: m² | H67: x | I67: 190 | J67: htva | K67: = | L67: =I67*F67 -> 0 | M67: htva
D68: façade avant | E68: =E63 -> 0
D69: façade arrière principale | E69: =E64 -> 0
D70: façade annexe | E70: =E65 -> 0
D71: mitoyen | E71: =E66 -> 0
C72: 1.5.3 | D72: Isolation enterrée | F72: =SUM(E73:E74) -> 0 | G72: ml | H72: x | I72: 73 | J72: htva | K72: = | L72: =I72*F72 -> 0 | M72: htva
D73: façade arrière principale | E73: =IF('ENCODAGE DE MON PROJET'!E153="NON", 0, IF('ENCODAGE DE MON PROJET'!E18>'ENCODAGE DE MON PROJET'!E24,'ENCODAGE DE MON PROJET'!E18-'ENCODAGE DE MON PROJET'!E24,0)) -> 0
D74: façade annexe | E74: =IF('ENCODAGE DE MON PROJET'!E172="NON",0,IF('ENCODAGE DE MON PROJET'!E18>'ENCODAGE DE MON PROJET'!E24,'ENCODAGE DE MON PROJET'!E24+'ENCODAGE DE MON PROJET'!E25,'ENCODAGE DE MON PROJET'!E18)) -> 0
C75: 1.5.4 | D75: Déblais pour isolation enterrée | F75: =SUM(E76:E77) -> 0 | G75: ml | H75: x | I75: 50 | J75: htva | K75: = | L75: =I75*F75 -> 0 | M75: htva
D76: façade arrière principale | E76: =E73 -> 0
D77: façade annexe | E77: =E74 -> 0
C78: 1.5.5 | D78: Étanchéité pour isolation enterrée | F78: =SUM(E79:E80) -> 0 | G78: ml | H78: x | I78: 75 | J78: htva | K78: = | L78: =I78*F78 -> 0 | M78: htva
D79: façade arrière principale | E79: =E73 -> 0
D80: façade annexe | E80: =E74 -> 0
C81: 1.5.6 | D81: Couvre-mur | L81: non compris
C82: 1.5.7 | D82: Seuils en aluminium thermolaqué | L82: compris au poste châssis
C84: 1.6 | D84: Isolation de toiture à versants
C85: 1.6.1 | D85: Isolation entre chevrons en PIR/PUR | F85: =IF('ENCODAGE DE MON PROJET'!E51="OUI",0,SUM(E86)) -> 0 | G85: m² | H85: x | I85: 120 | J85: htva | K85: = | L85: =I85*F85 -> 0 | M85: htva
D86: toiture principale | E86: =IF('ENCODAGE DE MON PROJET'!E62="OUI", 'ENCODAGE DE MON PROJET'!E64,0) -> 0
C87: 1.6.2 | D87: Isolation entre chevrons en fibre de bois | F87: =IF('ENCODAGE DE MON PROJET'!E51="NON",0,SUM(E88)) -> 0 | G87: m² | H87: x | I87: 163 | J87: htva | K87: = | L87: =I87*F87 -> 0 | M87: htva
D88: toiture principale | E88: =E86 -> 0
C89: 1.6.3 | D89: Isolation en sarking en PIR/PUR - 16 cm | F89: =IF('ENCODAGE DE MON PROJET'!E51="OUI",0,SUM(E90)) -> 0 | G89: m² | H89: x | I89: 120 | J89: htva | K89: = | L89: =I89*F89 -> 0 | M89: htva
D90: toiture principale | E90: =IF('ENCODAGE DE MON PROJET'!E61="OUI", 'ENCODAGE DE MON PROJET'!E64, 0) -> 0
C91: 1.6.4 | D91: Isolation en sarking en fibre de bois - 18 cm | F91: =IF('ENCODAGE DE MON PROJET'!E51="NON",0,SUM(E92)) -> 0 | G91: m² | H91: x | I91: 163 | J91: htva | K91: = | L91: =I91*F91 -> 0 | M91: htva
D92: toiture principale | E92: =E90 -> 0
C93: 1.6.5 | D93: Pare-vapeur et accessoires | F93: =IF(OR('ENCODAGE DE MON PROJET'!E61="OUI",'ENCODAGE DE MON PROJET'!E62="OUI"),'ENCODAGE DE MON PROJET'!E64,0) -> 0 | G93: m² | H93: x | I93: 16 | J93: htva | K93: = | L93: =I93*F93 -> 0 | M93: htva
C94: 1.6.6 | D94: Tuile - y compris sous-toiture et lattage/contre-lattage | F94: =E90 -> 0 | G94: m² | H94: x | I94: 180 | J94: htva | K94: = | L94: =I94*F94 -> 0 | M94: htva
C95: 1.6.7 | D95: Remplacement des chevrons | F95: =IF('ENCODAGE DE MON PROJET'!E63="NON",0,SUM(E96)) -> 0 | G95: ml | H95: x | I95: 45 | J95: htva | K95: = | L95: =I95*F95 -> 0 | M95: htva
D96: chevrons | E96: =('ENCODAGE DE MON PROJET'!E18/0.4)*(E90/'ENCODAGE DE MON PROJET'!E18) -> #DIV/0!
C97: 1.6.8 | D97: Bouches de sortie | F97: =IF('ENCODAGE DE MON PROJET'!E61="OUI",1,0) -> 0 | G97: FF | H97: x | I97: 500 | J97: htva | K97: = | L97: =I97*F97 -> 0 | M97: htva
C98: 1.6.9 | D98: Descentes d'eau pluviales | F98: =SUM(E99:E100) -> 0 | G98: ml | H98: x | I98: 80 | J98: htva | K98: = | L98: =I98*F98 -> 0 | M98: htva
D99: façade avant | E99: =IF('ENCODAGE DE MON PROJET'!E61="NON", 0, 'ENCODAGE DE MON PROJET'!E17) -> 0
D100: façade arrière principale | E100: =IF('ENCODAGE DE MON PROJET'!E61="NON",0,'ENCODAGE DE MON PROJET'!E17-'ENCODAGE DE MON PROJET'!E23) -> 0
C101: 1.6.10 | D101: Remsie en l'état de gouttière / corniche | F101: =IF('ENCODAGE DE MON PROJET'!E61="OUI",2*'ENCODAGE DE MON PROJET'!E18,0) -> 0 | G101: ml | H101: x | I101: 305 | J101: htva | K101: = | L101: =I101*F101 -> 0 | M101: htva
C102: 1.6.11 | D102: Solin pour raccords | F102: =IF('ENCODAGE DE MON PROJET'!E18,IF('ENCODAGE DE MON PROJET'!E61="OUI",E90/'ENCODAGE DE MON PROJET'!E18,0),0) -> 0 | G102: ml | H102: x | I102: 53 | J102: htva | K102: = | L102: =I102*F102 -> 0 | M102: htva
C103: 1.6.12 | D103: Rive en zinc avec casse-goutte | F103: =IF('ENCODAGE DE MON PROJET'!E18,IF('ENCODAGE DE MON PROJET'!E61="OUI",E90/'ENCODAGE DE MON PROJET'!E18,0),0) -> 0 | G103: ml | H103: x | I103: 89 | J103: htva | K103: = | L103: =I103*F103 -> 0 | M103: htva
C105: 1.7 | D105: Isolation de toiture plate
C106: 1.7.1 | D106: Panneaux d'isolation PIR/PUR - 12 cm | F106: =IF('ENCODAGE DE MON PROJET'!E51="OUI",0,SUM(E107:E108)) -> 0 | G106: m² | H106: x | I106: 84 | J106: htva | K106: = | L106: =I106*F106 -> 0 | M106: htva
D107: toiture principale | E107: =IF('ENCODAGE DE MON PROJET'!E84="OUI", 'ENCODAGE DE MON PROJET'!E85, 0) -> 0
D108: toiture annexe | E108: =IF('ENCODAGE DE MON PROJET'!E103="OUI", 'ENCODAGE DE MON PROJET'!E104, 0) -> 0
C109: 1.7.2 | D109: Panneaux de fibre de bois - 20 cm | F109: =IF('ENCODAGE DE MON PROJET'!E51="NON",0,SUM(E110:E111)) -> 0 | G109: m² | H109: x | I109: 135 | J109: htva | K109: = | L109: =I109*F109 -> 0 | M109: htva
D110: toiture principale | E110: =E107 -> 0
D111: toiture annexe | E111: =E108 -> 0
C112: 1.7.3 | D112: Étanchéité de toiture plate EPDM | F112: =SUM(E113:E114) -> 0 | G112: m² | H112: x | I112: 74 | J112: htva | K112: = | L112: =I112*F112 -> 0 | M112: htva
D113: toiture principale | E113: =E107 -> 0
D114: toiture annexe | E114: =E108 -> 0
C115: 1.7.4 | D115: Bouches de sortie | F115: =IF(AND('ENCODAGE DE MON PROJET'!E84="NON",'ENCODAGE DE MON PROJET'!E103="NON"),0,1) -> 0 | G115: FF | H115: x | I115: =IF(AND('ENCODAGE DE MON PROJET'!E84="OUI",'ENCODAGE DE MON PROJET'!E103="OUI"),750,IF('ENCODAGE DE MON PROJET'!E84="OUI",500,IF('ENCODAGE DE MON PROJET'!E103="OUI",250,0))) -> 0 | J115: htva | K115: = | L115: =I115*F115 -> 0 | M115: htva
...

Sheet PRIMES
D3: Renov-Bizet - Rénovation groupée du quartier Bizet
D4: Quartier Bizet - 1070 Anderlecht
B10: 3 | D10: Estimation des primes
C12: 3.1 | D12: Prime A : services et études
C13: 3.1.1 | D13: A4 Suivi architecte | F13: 0.08 | H13: x | I13: =SUM(L16:L83) -> 0 | K13: = | L13: =I13*F13 -> 0
C15: 3.2 | D15: Prime B : installation de chantier
C16: 3.2.1 | D16: B1 Protection et échafaudage | F16: =SUM(E17:E19) -> 0 | G16: m² | H16: x | I16: =IF('ENCODAGE DE MON PROJET'!E53="Classe I",20,IF('ENCODAGE DE MON PROJET'!E53="Classe II",30,IF('ENCODAGE DE MON PROJET'!E53="Classe III",40))) -> 20 | K16: = | L16: =I16*F16 -> 0
D17: façade avant | E17: =IF('ENCODAGE DE MON PROJET'!E123="NON", 0, 'ENCODAGE DE MON PROJET'!E125) -> 0
D18: façade arrière principale | E18: =IF('ENCODAGE DE MON PROJET'!E153="NON", 0, 'ENCODAGE DE MON PROJET'!E154) -> 0
D19: façade annexe | E19: =IF('ENCODAGE DE MON PROJET'!E172="NON", 0, 'ENCODAGE DE MON PROJET'!E173) -> 0
C21: 3.3 | D21: Prime E : toiture
C22: 3.3.1 | D22: E1 Structures de la toiture | F22: =IF('ENCODAGE DE MON PROJET'!E53="Classe I",30%,IF('ENCODAGE DE MON PROJET'!E53="Classe II",40%,IF('ENCODAGE DE MON PROJET'!E53="Classe III",50%))) -> 0.3 | H22: x | I22: =IF(AND('ENCODAGE DE MON PROJET'!E61="OUI",'ENCODAGE DE MON PROJET'!E63="OUI"), ESTIMATIF!L95,0) -> 0 | K22: = | L22: =I22*F22 -> 0
C23: 3.3.1 | D23: E2 Couverture et étanchéité | F23: =SUM(E24:E26) -> 0 | G23: m² | H23: x | I23: =IF('ENCODAGE DE MON PROJET'!E53="Classe I",60,IF('ENCODAGE DE MON PROJET'!E53="Classe II",70,IF('ENCODAGE DE MON PROJET'!E53="Classe III",80))) -> 60 | K23: = | L23: =I23*F23 -> 0
D24: toiture versants principale | E24: =IF('ENCODAGE DE MON PROJET'!E61="NON", 0, 'ENCODAGE DE MON PROJET'!E64) -> 0
D25: toiture plate principale | E25: =IF('ENCODAGE DE MON PROJET'!E84="NON", 0, 'ENCODAGE DE MON PROJET'!E85) -> 0
D26: toiture plate annexe | E26: =IF('ENCODAGE DE MON PROJET'!E103="NON", 0, 'ENCODAGE DE MON PROJET'!E104) -> 0
C27: 3.3.1 | D27: E2 Complément pour matériau écologique | F27: =SUM(E28:E30) -> 0 | G27: m² | H27: x | I27: =IF('ENCODAGE DE MON PROJET'!E51="OUI",20,0) -> 0 | K27: = | L27: =I27*F27 -> 0
D28: toiture versants principale | E28: =E24 -> 0
D29: toiture plate principale | E29: =E25 -> 0
D30: toiture plate annexe | E30: =E26 -> 0
C31: 3.3.1 | D31: E3 Isolation thermique de la toiture | F31: =SUM(E32:E34) -> 0 | G31: m² | H31: x | I31: =IF('ENCODAGE DE MON PROJET'!E53="Classe I",35,IF('ENCODAGE DE MON PROJET'!E53="Classe II",55,IF('ENCODAGE DE MON PROJET'!E53="Classe III",75))) -> 35 | K31: = | L31: =I31*F31 -> 0
D32: toiture versants principale | E32: =IF(OR('ENCODAGE DE MON PROJET'!E61="OUI",'ENCODAGE DE MON PROJET'!E62="OUI"), 'ENCODAGE DE MON PROJET'!E64,0) -> 0
D33: toiture plate principale | E33: =E25 -> 0
D34: toiture plate annexe | E34: =E26 -> 0
C35: 3.3.1 | D35: E3 Complément pour matériau écologique | F35: =SUM(E36:E38) -> 0 | G35: m² | H35: x | I35: =IF('ENCODAGE DE MON PROJET'!E51="OUI",10,0) -> 0 | K35: = | L35: =I35*F35 -> 0
D36: toiture versants principale | E36: =E32 -> 0
D37: toiture plate principale | E37: =E25 -> 0
D38: toiture plate annexe | E38: =E26 -> 0
C39: 3.3.1 | D39: E4 Accessoires de toiture | F39: =IF('ENCODAGE DE MON PROJET'!E53="Classe I",30%,IF('ENCODAGE DE MON PROJET'!E53="Classe II",40%,IF('ENCODAGE DE MON PROJET'!E53="Classe III",50%))) -> 0.3 | H39: x | I39: =IF(AND('ENCODAGE DE MON PROJET'!E61="NON",'ENCODAGE DE MON PROJET'!E84="NON",'ENCODAGE DE MON PROJET'!E103="NON"),0,SUM(E40:E42)) -> 0 | K39: = | L39: =I39*F39 -> 0
D40: accessoires | E40: =ESTIMATIF!L26+ESTIMATIF!L97+ESTIMATIF!L101+ESTIMATIF!L102+ESTIMATIF!L103+ESTIMATIF!L115+ESTIMATIF!L120+ESTIMATIF!L123+ESTIMATIF!L126+ESTIMATIF!L98+ESTIMATIF!L116 -> 0
D41: fenêtres de toiture à versants | E41: =SUM(ESTIMATIF!L137:'ESTIMATIF'!L138) -> 0
D42: fenêtres de toiture plate | E42: =SUM(ESTIMATIF!L139:'ESTIMATIF'!L140) -> 0
C44: 3.4 | D44: Prime F : Façades
C45: 3.3.1 | D45: F1 Isolation thermique des façades par l'intérieur | F45: =IF('ENCODAGE DE MON PROJET'!E124="NON", 0, 'ENCODAGE DE MON PROJET'!E125) -> 0 | G45: m² | H45: x | I45: =IF('ENCODAGE DE MON PROJET'!E53="Classe I",35,IF('ENCODAGE DE MON PROJET'!E53="Classe II",40,IF('ENCODAGE DE MON PROJET'!E53="Classe III",45))) -> 35 | K45: = | L45: =I45*F45 -> 0
C46: 3.3.1 | D46: F1 Isolation thermique des façades par l'extérieur | F46: =SUM(E47:E50) -> 0 | G46: m² | H46: x | I46: =IF('ENCODAGE DE MON PROJET'!E53="Classe I",50,IF('ENCODAGE DE MON PROJET'!E53="Classe II",70,IF('ENCODAGE DE MON PROJET'!E53="Classe III",90))) -> 50 | K46: = | L46: =I46*F46 -> 0
D47: façade avant | E47: =IF('ENCODAGE DE MON PROJET'!E123="NON", 0, 'ENCODAGE DE MON PROJET'!E125) -> 0
D48: façade arrière principale | E48: =IF('ENCODAGE DE MON PROJET'!E153="NON", 0, 'ENCODAGE DE MON PROJET'!E154) -> 0
D49: façade annexe | E49: =IF('ENCODAGE DE MON PROJET'!E172="NON", 0, 'ENCODAGE DE MON PROJET'!E173) -> 0
D50: mitoyens | E50: =IF('ENCODAGE DE MON PROJET'!E191="NON", 0, 'ENCODAGE DE MON PROJET'!E192) -> 0
C51: 3.3.1 | D51: F1 Complément pour matériau écologique | F51: =SUM(E52:E55) -> 0 | G51: m² | H51: x | I51: =IF('ENCODAGE DE MON PROJET'!E51="OUI",10,0) -> 0 | K51: = | L51: =I51*F51 -> 0
D52: façade avant | E52: =E47 -> 0
D53: façade arrière principale | E53: =E48 -> 0
D54: façade annexe | E54: =E49 -> 0
D55: mitoyens | E55: =E50 -> 0
C56: 3.3.1 | D56: F3 Enduit | F56: =SUM(E57:E60) -> 0 | G56: m² | H56: x | I56: =IF('ENCODAGE DE MON PROJET'!E53="Classe I",40,IF('ENCODAGE DE MON PROJET'!E53="Classe II",45,IF('ENCODAGE DE MON PROJET'!E53="Classe III",50))) -> 40 | K56: = | L56: =I56*F56 -> 0
D57: façade avant | E57: =E47 -> 0
D58: façade arrière principale | E58: =E48 -> 0
D59: façade annexe | E59: =E49 -> 0
D60: mitoyens | E60: =E55 -> 0
C62: 3.5 | D62: Prime G : Portes et fenêtres extérieures
C63: 3.3.1 | D63: G1 Placement et remplacement de portes et fenêtres : bois | F63: =IF('ENCODAGE DE MON PROJET'!E251="NON", 0, SUM(E64:E65)) -> 0 | G63: m² | H63: x | I63: =IF('ENCODAGE DE MON PROJET'!E53="Classe I",100,IF('ENCODAGE DE MON PROJET'!E53="Classe II",120,IF('ENCODAGE DE MON PROJET'!E53="Classe III",140))) -> 100 | K63: = | L63: =I63*F63 -> 0
D64: châssis | E64: =IF('ENCODAGE DE MON PROJET'!E251="NON", 0, 'ENCODAGE DE MON PROJET'!E256) -> 0
D65: porte d'entrée | E65: =IF('ENCODAGE DE MON PROJET'!E274="NON", 0,2) -> 0
C66: 3.3.1 | D66: G1 Complément pour bois FSC | F66: =F63 -> 0 | G66: m² | H66: x | I66: =IF('ENCODAGE DE MON PROJET'!E51="OUI",100,0) -> 0 | K66: = | L66: =I66*F66 -> 0
D67: châssis | E67: =E64 -> 0
D68: porte d'entrée | E68: =E65 -> 0
C70: 3.6 | D70: Prime H : Sol et planchers
C71: 3.3.1 | D71: H1 Isolation thermique de sol et plancher | F71: =IF(AND('ENCODAGE DE MON PROJET'!E211="NON",'ENCODAGE DE MON PROJET'!E230="NON"), 0,'ENCODAGE DE MON PROJET'!E212+'ENCODAGE DE MON PROJET'!E232) -> 0 | G71: m² | H71: x | I71: =IF('ENCODAGE DE MON PROJET'!E53="Classe I",35,IF('ENCODAGE DE MON PROJET'!E53="Classe II",40,IF('ENCODAGE DE MON PROJET'!E53="Classe III",45))) -> 35 | K71: = | L71: =I71*F71 -> 0
C72: 3.3.1 | D72: H1 Complément pour matériau écologique | F72: =IF('ENCODAGE DE MON PROJET'!E230="NON", 0, IF('ENCODAGE DE MON PROJET'!E231="gîtage bois",'ENCODAGE DE MON PROJET'!E232,0)) -> 0 | G72: m² | H72: x | I72: 10 | K72: = | L72: =I72*F72 -> 0
C74: 3.7 | D74: Prime J : Chauffage et chauffe-eau
C75: 3.3.1 | D75: J4 Chauffage via pompe à chaleur air/eau | F75: =IF(AND('ENCODAGE DE MON PROJET'!E333="OUI",'ENCODAGE DE MON PROJET'!E334="pompe à chaleur"),1,0) -> 0 | G75: FF | H75: x | I75: =IF('ENCODAGE DE MON PROJET'!E53="Classe I",4000,IF('ENCODAGE DE MON PROJET'!E53="Classe II",4750,IF('ENCODAGE DE MON PROJET'!E53="Classe III",5000))) -> 4000 | K75: = | L75: =I75*F75 -> 0
C76: 3.3.1 | D76: J5 Radiateurs basse température | F76: =IF(AND('ENCODAGE DE MON PROJET'!E333="OUI",'ENCODAGE DE MON PROJET'!E334="pompe à chaleur"),'ENCODAGE DE MON PROJET'!E335,0) -> 0 | G76: pce | H76: x | I76: =IF('ENCODAGE DE MON PROJET'!E53="Classe I",75,IF('ENCODAGE DE MON PROJET'!E53="Classe II",125,IF('ENCODAGE DE MON PROJET'!E53="Classe III",200))) -> 75 | K76: = | L76: =I76*F76 -> 0
C77: 3.3.1 | D77: J6 Régulation thermique : vanne thermostatique | F77: =IF(AND('ENCODAGE DE MON PROJET'!E333="OUI",'ENCODAGE DE MON PROJET'!E334="pompe à chaleur"),'ENCODAGE DE MON PROJET'!E335,0) -> 0 | G77: pce | H77: x | I77: =IF('ENCODAGE DE MON PROJET'!E53="Classe I",15,IF('ENCODAGE DE MON PROJET'!E53="Classe II",25,IF('ENCODAGE DE MON PROJET'!E53="Classe III",40))) -> 15 | K77: = | L77: =I77*F77 -> 0
C78: 3.3.1 | D78: J6 Régulation thermique : thermostat | F78: =IF('ENCODAGE DE MON PROJET'!E333="OUI",1,0) -> 0 | G78: FF | H78: x | I78: =IF('ENCODAGE DE MON PROJET'!E53="Classe I",40,IF('ENCODAGE DE MON PROJET'!E53="Classe II",70,IF('ENCODAGE DE MON PROJET'!E53="Classe III",100))) -> 40 | K78: = | L78: =I78*F78 -> 0
C79: 3.3.1 | D79: J9 Chauffe-eau via pompe à chaleur | F79: =IF(AND('ENCODAGE DE MON PROJET'!E333="OUI",'ENCODAGE DE MON PROJET'!E334="pompe à chaleur"),1,0) -> 0 | G79: FF | H79: x | I79: =IF('ENCODAGE DE MON PROJET'!E53="Classe I",4000,IF('ENCODAGE DE MON PROJET'!E53="Classe II",4750,IF('ENCODAGE DE MON PROJET'!E53="Classe III",5000))) -> 4000 | K79: = | L79: =I79*F79 -> 0
C81: 3.8 | D81: Prime M: Ventilation mécanique contrôlée
C82: 3.3.1 | D82: M1 Système C | F82: =IF('ENCODAGE DE MON PROJET'!E371="OUI",IF(AND('ENCODAGE DE MON PROJET'!E251="OUI",'ENCODAGE DE MON PROJET'!E372="C (simple flux)"),1,0),0) -> 0 | G82: FF | H82: x | I82: =IF('ENCODAGE DE MON PROJET'!E53="Classe I",1550,IF('ENCODAGE DE MON PROJET'!E53="Classe II",1950,IF('ENCODAGE DE MON PROJET'!E53="Classe III",2230))) -> 1550 | K82: = | L82: =I82*F82 -> 0
C83: 3.3.1 | D83: M2 Système D | F83: =IF(AND('ENCODAGE DE MON PROJET'!E371="OUI",'ENCODAGE DE MON PROJET'!E372="D (double flux)"),1,0) -> 0 | G83: FF | H83: x | I83: =IF('ENCODAGE DE MON PROJET'!E53="Classe I",3000,IF('ENCODAGE DE MON PROJET'!E53="Classe II",3750,IF('ENCODAGE DE MON PROJET'!E53="Classe III",4300))) -> 3000 | K83: = | L83: =I83*F83 -> 0
D85: Certaines primes ne sont accordées qu'aux propriétaires occupants. Pour savoir de quelles primes il s'agit, consulter le site de Renolution
D86: https://renolution.brussels/fr/les-primes-renolution-2023
D88: TOTAL PRIMES (plafond 50.000 €) | L88: =IF(SUM(L13:L83)>50000,50000,SUM(L13:L83)) -> 0 | M88: tvac
D91: Ce document à compléter a été réalisé dans le cadre du projet Renov-Bizet
D92: https://renovbizet.com/
